AoeStats
← Govekin

Arena

509519405Analyzed
4v4 RM · 5d ago on Sep 27, 2026· 51m 11s· 8 players
Game mode
Random Map
Map size
Large (8 player)
Population
200
Speed
Normal
Resources
Standard
Victory
Conquest
Starting age
Dark Age
Ending age
Imperial Age
RankedLock teamsTeams togetherTeam positionsShared explorationLock speedFull tech treeHidden civsTurbo modeCheats
Victory
Defeat
🇺🇸 Turks · United States
956
+11
🇨🇳 Gurjaras · China
939
+11
🇺🇸 Khmer · United States
907
+12
🇪🇸 Spanish · Spain
889
+13
🇨🇱 Teutons · Chile
914
-14
🇨🇱 Ethiopians · Chile
884
-14
829
-12
🇨🇱 Bengalis · Chile
700
-7
tipmyraccoon6
13:11 Feudal Age
17:42 Castle Age
17:02 Horse Collar
17:08 Double-Bit Axe
25:21 Loom
25:22 Town Watch
27:05 Wheelbarrow
26:49 Heavy Plow
27:53 Stone Mining
27:57 Gold Mining
28:19 Bow Saw
31:12 Hand Cart
30:59 Town Patrol
35:35 Caravan
38:54 Imperial Age
38:09 Gold Shaft Mining
38:11 Stone Shaft Mining
39:42 Ballistics
40:39 Chemistry
39:45 Siege Engineers
39:35 Heated Shot
39:57 Fortified Wall
40:06 Heavy Scorpion
41:27 Murder Holes
41:43 Masonry
41:41 Double Crossbow
42:03 Conscription
42:22 Hoardings
Master of Ludus
0:29 Loom
10:49 Feudal Age
11:44 Horse Collar
17:56 Castle Age
16:24 Double-Bit Axe
17:32 Stone Mining
17:35 Gold Mining
19:06 Wheelbarrow
18:44 Heavy Plow
24:19 Elite Skirmisher
24:52 Fletching
32:13 Imperial Age
30:00 Gambesons
30:41 Bodkin Arrow
30:48 Padded Archer Armor
30:49 Scale Mail Armor
31:35 Forging
31:21 Pikeman
32:01 Squires
31:47 Arson
34:17 Chemistry
33:38 Ballistics
33:30 Masonry
33:23 Bracer
33:40 Leather Archer Armor
33:41 Chain Mail Armor
34:20 Bow Saw
36:06 Bombard Tower
36:12 Conscription
36:30 Hoardings
36:19 Supremacy
35:25 Man-at-Arms
40:11 Halberdier
41:26 Hand Cart
40:59 Town Watch
41:50 Ring Archer Armor
41:56 Iron Casting
41:51 Plate Mail Armor
42:34 Two-Man Saw
45:02 Inquisition
47:09 Blast Furnace
46:14 Scale Barding Armor
46:41 Architecture
46:08 Murder Holes
OilforKisses
6:18 Loom
13:30 Feudal Age
17:22 Castle Age
15:04 Horse Collar
16:29 Double-Bit Axe
18:23 Wheelbarrow
20:00 Bow Saw
20:37 Heavy Plow
32:26 Imperial Age
30:15 Hand Cart
29:48 Town Watch
30:17 Gold Mining
30:17 Stone Mining
32:13 Fletching
32:23 Padded Archer Armor
32:49 Ballistics
33:11 Gold Shaft Mining
33:39 Conscription
35:06 Two-Man Saw
34:02 Elite Janissary
34:55 Bodkin Arrow
35:15 Leather Archer Armor
35:47 Artillery
40:18 Bracer
40:49 Ring Archer Armor
打不过
2:14 Loom
10:54 Feudal Age
15:45 Castle Age
14:41 Double-Bit Axe
15:41 Stone Mining
26:38 Horse Collar
28:04 Heavy Plow
29:53 Bow Saw
30:25 Gold Mining
31:28 Fletching
33:12 Kshatriyas
33:45 Gold Shaft Mining
33:18 Town Watch
34:11 Wheelbarrow
34:17 Wheelbarrow
34:48 Wheelbarrow
39:02 Imperial Age
37:00 Hand Cart
39:17 Bodkin Arrow
39:55 Husbandry
40:05 Bloodlines
40:24 Conscription
40:23 Elite Skirmisher
42:09 Crop Rotation
41:58 Forging
41:53 Scale Barding Armor
41:20 Elite Shrivamsha Rider
41:55 Heavy Camel Rider
45:56 Iron Casting
47:08 Stone Shaft Mining
47:12 Frontier Guards
49:01 Chain Barding Armor
50:32 Plate Barding Armor
The_br4ve ®
8:43 Loom
10:43 Feudal Age
11:55 Double-Bit Axe
15:56 Padded Archer Armor
16:07 Fletching
23:18 Castle Age
21:17 Man-at-Arms
23:57 Bodkin Arrow
23:37 Crossbowman
24:41 Thumb Ring
24:08 Elite Skirmisher
25:37 Leather Archer Armor
27:56 Forging
28:11 Bow Saw
28:48 Horse Collar
30:38 Town Watch
31:42 Heavy Plow
33:06 Wheelbarrow
35:03 Hand Cart
38:03 Imperial Age
36:13 Gold Mining
36:46 Husbandry
38:21 Murder Holes
39:04 Bracer
38:38 Capped Ram
40:15 Ring Archer Armor
40:17 Ballistics
41:33 Torsion Engines
41:35 Arbalester
42:47 Siege Engineers
43:06 Royal Heirs
45:14 Iron Casting
45:30 Masonry
49:13 Chemistry
49:38 Scale Mail Armor
Gelblich
11:46 Feudal Age
15:43 Castle Age
13:48 Double-Bit Axe
22:10 Fervor
22:04 Loom
22:55 Wheelbarrow
25:29 Hand Cart
25:47 Horse Collar
31:48 Imperial Age
30:36 Bloodlines
30:38 Forging
30:28 Scale Mail Armor
30:34 Scale Barding Armor
30:20 Fletching
30:31 Padded Archer Armor
32:49 Ballistics
32:45 Cavalier
35:31 Chemistry
34:38 Siege Engineers
35:14 Caravan
35:23 Bodkin Arrow
36:05 Iron Casting
35:46 Leather Archer Armor
35:47 Chain Mail Armor
35:02 Elite Skirmisher
36:58 Crenellations
36:32 Onager
38:20 Blast Furnace
40:43 Paladin
42:43 Masonry
45:56 Siege Onager
El Cachero de las Pampas
10:41 Feudal Age
12:49 Double-Bit Axe
12:58 Loom
15:13 Castle Age
13:13 Double-Bit Axe
23:52 Bow Saw
25:04 Wheelbarrow
25:34 Stone Mining
27:28 Forging
27:25 Scale Barding Armor
27:14 Gold Mining
28:21 Husbandry
29:55 Gold Shaft Mining
30:18 Hand Cart
30:13 Caravan
31:13 Town Watch
32:02 Loom
35:47 Imperial Age
33:21 Town Patrol
35:09 Iron Casting
34:58 Chain Barding Armor
35:46 Treadmill Crane
36:02 Murder Holes
36:28 Ballistics
35:58 Cavalier
37:45 Fortified Wall
37:17 Light Cavalry
40:01 Blast Furnace
39:39 Plate Barding Armor
38:36 Light Cavalry
38:44 Onager
41:23 Chemistry
40:52 Fletching
41:05 Scale Mail Armor
46:42 Conscription
46:24 Chivalry
Govekin
14:50 Feudal Age
13:06 Loom
15:18 Feudal Age
13:33 Loom
20:52 Castle Age
20:28 Wheelbarrow
26:15 Hand Cart
29:34 Double-Bit Axe
31:57 Paiks
33:05 Town Watch
33:59 Horse Collar
34:57 Heavy Plow
35:01 Padded Archer Armor
35:07 Scale Barding Armor
37:15 Husbandry
37:25 Bloodlines
40:42 Chain Barding Armor
40:37 Leather Archer Armor
40:13 Fletching
44:23 Imperial Age
46:13 Elite Battle Elephant
48:09 Town Patrol
49:10 Scale Mail Armor
49:21 Forging
49:07 Bodkin Arrow
Connection lost

Rejoining the realm…

Still unreachable

The connection could not be restored.

Session expired

The server has moved on; the page needs a fresh start.